 Dungeon Crawl Stone Soup version 0.26.1-11-gd32895ea62 (webtiles) character file.

Game seed: 2245839979799206737

160 ZappyNine the Skirmisher (level 5, -8/57 HPs)
             Began as an Ogre Transmuter on May 18, 2021.
             Was a Follower of Qazlal.
             Killed by divine providence
             ... invoked by an orc priest
              (12 damage)
             ... on level 3 of the Dungeon.
             The game lasted 00:04:45 (3476 turns).

ZappyNine the Skirmisher (Ogre Transmuter)          Turns: 3476, Time: 00:04:46

Health: -8/57      AC:  3    Str: 13 (14) XL:     5   Next: 41%
Magic:  8/9        EV: 10    Int: 13 (14) God:    Qazlal [*.....]
Gold:   138        SH:  6    Dex:  7 (10) Spells: 5/9 levels left

rFire    . . .     SeeInvis .     - Unarmed
rCold    . . .     Faith    .   (no shield)
rNeg     . . .     Spirit   .   a - +0 robe
rPois    .         Reflect  +   (helmet currently unavailable)
rElec    .         Harm     .   (no cloak)
rCorr    .         Rampage  .   (gloves unavailable)
Will     .....                  (boots unavailable)
Stlth    +.........             l - amulet of reflection
HPRegen  0.19/turn              (no ring)
MPRegen  0.11/turn              (no ring)

@: appendages
A: large, unfitting armour, horns 2, talons 2, tough skin 1
a: End Transformation, Renounce Religion


You were on level 3 of the Dungeon.
You worshipped Qazlal.
Qazlal was aware of your devotion.
You had grown temporary horns.
You had grown temporary talons.
You visited 1 branch of the dungeon, and saw 3 of its levels.

You collected 138 gold pieces.

Inventory:

Armour
 a - a +0 robe (worn)
Jewellery
 l - an amulet of reflection (around neck)
Scrolls
 b - a scroll of blinking {unknown}
 c - 5 scrolls of identify {unknown}
 d - 3 scrolls of fog {unknown}
 e - 2 scrolls of enchant weapon {unknown}
 g - a scroll of amnesia {unknown}
 i - 3 scrolls of remove curse {unknown}
 m - a scroll of teleportation {unknown}
Potions
 h - a potion of degeneration
 j - a potion of berserk rage {unknown}
 k - 2 potions of haste {unknown}


   Skills:
 - Level 5.0 Fighting
 - Level 1.7 Dodging
 - Level 2.6 Unarmed Combat
 + Level 2.8 Spellcasting
 - Level 3.0 Transmutations
 * Level 1.1 Poison Magic


You had 5 spell levels left.
You knew the following spells:

 Your Spells              Type           Power        Failure   Level
a - Beastly Appendage     Tmut           18%          7%          1
b - Spider Form           Tmut/Pois      3%           30%         3

Your spell library contained the following spells:

 Spells                   Type           Power        Failure   Level
 Wereblood                Tmut           9%           11%         2
 Ice Form                 Ice/Tmut       5%           77%         4
 Blade Hands              Tmut           4%           88%         5


Dungeon Overview and Level Annotations

Branches:
Dungeon (3/15)

Altars:
Dithmenos
Fedhas
Hepliaklqana
Qazlal
Uskayaw


Innate Abilities, Weirdness & Mutations

You are too large for most types of armour.
You have tough skin. (AC +1)
You have a pair of horns on your head.
You have razor-sharp toenails.


Message History

The orc priest hits you with a +0 flail!
You hit the orc priest.
You claw the orc priest, but do no damage.
The orc priest is lightly wounded.
You barely miss the orc priest. Your kick misses the orc priest.
The orc priest is lightly wounded.
The orc priest mumbles some strange prayers to Beogh against you.
Pain shoots through your body!
* * * LOW HITPOINT WARNING * * *
You barely miss the orc priest.
You headbutt the orc priest, but do no damage.
The orc priest is lightly wounded.
The orc priest hits you with a +0 flail!
* * * LOW HITPOINT WARNING * * *
You hit the orc priest but do no damage.
You claw the orc priest, but do no damage.
The orc priest is lightly wounded.
The orc priest mumbles some strange prayers to Beogh against you.
Beogh smites you!
You die...

#.# ##.## #.## # #.#
#..###.# ###.# ##..##.#
....########.##.#
..........[.....###
##.#....###.......#
#>.####..#####.##..... .
...# #.#####.°#####. ...
...# #........@o.##.....
...#####........##........
................#####.....
...#####........# ....
...# #........# .. ...#
#........# ...# #........#
#### ##########


You could see an orc priest.

Vanquished Creatures
  An orc wizard (D:3)
  A worker ant zombie (D:2)
  3 adders (D:3)
  An ufetubus (D:2)
  An ooze (D:1)
  4 worms
  A dart slug (D:2)
  A leopard gecko (D:2)
  3 orcs (D:3)
  6 giant cockroaches
  11 goblins
  6 hobgoblins
  4 jackals (D:2)
  A quokka (D:2)
  7 bats
  5 frilled lizards
  5 kobolds
  A leopard gecko skeleton (D:2)
  4 rats
66 creatures vanquished.

Vanquished Creatures (others)
  A fungus (D:2)
  3 plants (D:2)
4 creatures vanquished.

Grand Total: 70 creatures vanquished

Notes
Turn   | Place    | Note
-------+----------+-------------------------------------------
     0 | D:1      | ZappyNine the Ogre Transmuter began the quest for the Orb.
     0 | D:1      | Reached XP level 1. HP: 19/19 MP: 3/3
   173 | D:1      | Reached skill level 2 in Fighting
   176 | D:1      | Reached XP level 2. HP: 14/29 MP: 3/5
   181 | D:1      | Reached skill level 3 in Fighting
  1238 | D:2      | Reached XP level 3. HP: 29/39 MP: 6/6
  1253 | D:2      | Reached skill level 4 in Fighting
  1644 | D:2      | Found a stormy altar of Qazlal.
  1651 | D:2      | Found a blossoming altar of Fedhas.
  1663 | D:2      | Became a worshipper of Qazlal Stormbringer
  1669 | D:2      | Found a hazy altar of Hepliaklqana.
  1932 | D:2      | Reached skill level 5 in Fighting
  1932 | D:2      | Reached XP level 4. HP: 42/50 MP: 7/7
  1985 | D:2      | Found a shadowy altar of Dithmenos.
  2680 | D:3      | Reached * piety under Qazlal
  2998 | D:3      | Found a hide-covered altar of Uskayaw.
  2998 | D:3      | Noticed a +0 hand axe
  2998 | D:3      | Noticed a +0 dagger
  3069 | D:3      | Reached XP level 5. HP: 26/57 MP: 8/8
  3304 | D:3      | Learned a level 3 spell: Spider Form
  3457 | D:3      | Reached skill level 1 in Poison Magic
  3476 | D:3      | Killed from afar by an orc priest

Illustrated notes

Levels and vault maps discovered:
D:1:      psy_arrival_basics, layout_basic, minmay_pentomino_v2
D:2:      minmay_diamond_boxcup, layout_basic, lemuel_crystal_altar,
          grunt_dithmenos_smoke_and_mirrors,
          grunt_temple_overflow_forces_of_nature
D:3:      layout_rooms, dancing_weapons_uskayaw, minmay_cut_off

Skill      XL: |  1  2  3  4  5 |
---------------+----------------+-----
Fighting       | 2 3 5 |  5.0
Transmutations | 3 |  3.0
Poison Magic   | 1 |  1.1
Dodging        | |  1.7
Unarmed Combat | |  2.6
Spellcasting   | |  2.8

Action                   |  1- 3 |  4- 6 || total
-------------------------+-------+-------++-------
Melee: Unarmed           |   118 |   141 ||   259
       Headbutt          |    10 |    13 ||    23
       Kick              |     8 |    28 ||    36
       Punch             |     2 |     1 ||     3
 Cast: Beastly Appendage |    14 |    18 ||    32
  Use: Potion            |       |     2 ||     2
 Stab: Sleeping          |       |     1 ||     1
Armor: Robe              |    39 |    29 ||    68
Dodge: Dodged            |    75 |    56 ||   131
Block: Other             |       |    12 ||    12
